AoeStats
← DAN13L

Arabia

509541850Analyzed
2v2 RM · 6d ago on Sep 27, 2026· 42m 13s· 4 players
Game mode
Random Map
Map size
Medium (4 player)
Population
200
Speed
Normal
Resources
Standard
Victory
Conquest
Starting age
Dark Age
Ending age
Imperial Age
RankedLock teamsTeams togetherTeam positionsShared explorationLock speedFull tech treeHidden civsTurbo modeCheats
Victory
Defeat
🇲🇽 Maya · Mexico
994
+17
🇦🇷 Mapuche · Argentina
994
+17
🇷🇺 Japanese · Russia
1010
-17
🇷🇺 Bulgarians · Russia
1009
-17
DAN13L
6:11 Loom
8:43 Feudal Age
17:41 Double-Bit Axe
21:23 Castle Age
20:09 Fletching
21:06 Horse Collar
22:36 Bow Saw
21:48 Crossbowman
22:33 Bodkin Arrow
23:32 Squires
23:44 Forging
23:48 Heavy Plow
24:21 Pikeman
30:29 Elite Skirmisher
32:01 Scale Mail Armor
33:54 Padded Archer Armor
33:48 Eagle Warrior
34:28 Gold Mining
37:12 Wheelbarrow
37:54 Thumb Ring
39:29 Iron Casting
40:58 Leather Archer Armor
41:26 Hand Cart
41:28 Chain Mail Armor
3ms
5:25 Loom
9:29 Feudal Age
11:32 Double-Bit Axe
12:32 Horse Collar
17:02 Wheelbarrow
23:05 Castle Age
21:59 Fletching
22:38 Stone Mining
22:43 Gold Mining
24:21 Bow Saw
25:06 Heavy Plow
26:53 Hand Cart
30:09 Town Watch
30:36 Forging
31:11 Bodkin Arrow
33:11 Iron Casting
39:33 Imperial Age
40:04 Imperial Age
40:59 Murder Holes
zhiv1986
6:48 Loom
9:53 Feudal Age
12:34 Scale Mail Armor
14:51 Wheelbarrow
22:52 Castle Age
21:32 Bloodlines
21:17 Double-Bit Axe
21:29 Horse Collar
23:28 Fletching
25:09 Scale Barding Armor
25:12 Husbandry
25:41 Forging
27:19 Padded Archer Armor
30:02 Thumb Ring
30:46 Bodkin Arrow
35:19 Leather Archer Armor
35:41 Iron Casting
37:15 Gold Mining
37:15 Stone Mining
vladimirgunner2018
7:15 Loom
9:29 Feudal Age
11:48 Double-Bit Axe
12:32 Man-at-Arms
22:53 Castle Age
21:00 Horse Collar
22:40 Bloodlines
26:41 Wheelbarrow
27:32 Bow Saw
29:59 Heavy Plow
32:42 Scale Barding Armor
37:21 Scale Mail Armor
Connection lost

Rejoining the realm…

Still unreachable

The connection could not be restored.

Session expired

The server has moved on; the page needs a fresh start.